PBL
ARIZONA DIAMONDBACKS @ SAN DIEGO PADRES
09/20/2052
 
TOP OF THE 1ST
Arizona Diamondbacks batting - Pitching for San Diego Padres : RHP Jim King
Pitching: RHP Jim King
Batting: LHB Héctor Barrera 0-0: Swinging Strike
0-1: Ball
1-1: Ball
2-1: Foul Ball, location: 2F
2-2: DOUBLE (Flyball, 78XD, EV 110.6 MPH)
Batting: RHB Kong Kuang 0-0: Foul Ball, location: 2F
0-1: Ball
1-1: Foul Ball, location: 2F
1-2: Fly out, F8 (Flyball, 8RS, EV 86.9 MPH)
Batting: RHB Brady Henderson 0-0: Ball
1-0: Ball
2-0: Ball
3-0: Called Strike
3-1: Base on Balls
Batting: SHB Freddie O'Halloran 0-0: Called Strike
Héctor Barrera is caught stealing 3rd base 2-5
0-1: Foul Ball, location: 2F
0-2: DOUBLE (Line Drive, 9LS, EV 101.3 MPH)
Brady Henderson to third
Runner from 3rd tries for Home, SAFE, throw by RF to home
Batting: RHB Hoyt Perry 0-0: Fly out, F9 (Flyball, 9D, EV 76.3 MPH)
Top of the 1st over - 1 run, 2 hits, 0 errors, 1 left on base; Arizona 1 - San Diego 0
BOTTOM OF THE 1ST
San Diego Padres batting - Pitching for Arizona Diamondbacks : RHP Steve Small
Pitching: RHP Steve Small
Batting: RHB Bruce Boyer 0-0: Called Strike
0-1: Ball
1-1: Ball
2-1: Foul Ball, location: 2F
2-2: SINGLE (Groundball, 4S, EV 68.8 MPH) (infield hit)
Batting: LHB Jack MacGruder 0-0: Foul Ball, location: 2F
0-1: Fly out, F9 (Flyball, 9S, EV 87.5 MPH)
Batting: LHB Kata Okada 0-0: Ball
1-0: Ball
2-0: Called Strike
2-1: Fly out, F3 (Line Drive, 3, EV 75.0 MPH)
Batting: RHB John Howe 0-0: Ball
Bruce Boyer is caught stealing 2nd base 2-4
Bottom of the 1st over - 0 runs, 1 hit, 0 errors, 0 left on base; Arizona 1 - San Diego 0
TOP OF THE 2ND
Arizona Diamondbacks batting - Pitching for San Diego Padres : RHP Jim King
Batting: LHB Santiago De La Rosa 0-0: Called Strike
0-1: Foul Ball, location: 2F
0-2: Ball
1-2: Fly out, F7 (Flyball, 7LM, EV 88.8 MPH)
Batting: LHB Javier Rodríguez 0-0: Called Strike
0-1: Reached on error, E2 (Groundball, 2R, EV 70.6 MPH)
Batting: SHB Wayne Garza 0-0: Foul Ball, location: 2F
0-1: Foul Ball, location: 2F
0-2: Ball
1-2: Ball
2-2: Ground out 4-3 (Groundball, 4D, EV 108.8 MPH)
Javier Rodríguez to third
Batting: RHB Tony Ramos 0-0: Ground out 6-3 (Groundball, 6, EV 82.5 MPH)
Top of the 2nd over - 0 runs, 0 hits, 1 error, 1 left on base; Arizona 1 - San Diego 0
BOTTOM OF THE 2ND
San Diego Padres batting - Pitching for Arizona Diamondbacks : RHP Steve Small
Batting: RHB John Howe 0-0: Ball
1-0: SINGLE (Groundball, 6, EV 87.5 MPH) (infield hit)
Batting: LHB Jorge Becerra 0-0: Ball
1-0: Called Strike
1-1: Fly out, F2 (Popup, 2L, EV 94.4 MPH)
Batting: LHB Nelson Parker 0-0: Fly out, F9 (Flyball, 9LD, EV 82.5 MPH)
Batting: RHB Edwin Valstar 0-0: Called Strike
0-1: Fielders Choice at 2nd, 5-4 (Groundball, 56, EV 86.9 MPH)
Bottom of the 2nd over - 0 runs, 1 hit, 0 errors, 1 left on base; Arizona 1 - San Diego 0
TOP OF THE 3RD
Arizona Diamondbacks batting - Pitching for San Diego Padres : RHP Jim King
Batting: LHB Héctor Barrera 0-0: Ball
1-0: Called Strike
1-1: Ball
2-1: Called Strike
2-2: Foul Ball, location: 2F
2-2: Ball
3-2: Foul Ball, location: 2F
3-2: Base on Balls
Batting: RHB Kong Kuang 0-0: Ball
1-0: Called Strike
1-1: Swinging Strike
1-2: Strikes out swinging
Batting: RHB Brady Henderson 0-0: Foul Ball, location: 2F
0-1: Foul Ball, location: 2F
0-2: Foul Ball, location: 2F
0-2: Ball
1-2: Ball
Héctor Barrera steals 2nd base
2-2: Ball
3-2: Base on Balls
Batting: SHB Freddie O'Halloran 0-0: DOUBLE (Line Drive, 9LD, EV 106.3 MPH)
Héctor Barrera scores
Brady Henderson to third
Runner from 3rd tries for Home, SAFE, no throw by RF
Batting: RHB Hoyt Perry 0-0: Ground out 5-3 (Groundball, 56, EV 90.6 MPH)
Batting: LHB Santiago De La Rosa 0-0: Ball
1-0: Ground out 4-3 (Groundball, 34, EV 96.9 MPH)
Top of the 3rd over - 2 runs, 1 hit, 0 errors, 1 left on base; Arizona 3 - San Diego 0
BOTTOM OF THE 3RD
San Diego Padres batting - Pitching for Arizona Diamondbacks : RHP Steve Small
Batting: LHB António López 0-0: Ball
1-0: Ball
2-0: Foul Ball, location: 2F
2-1: Swinging Strike
2-2: Ball
3-2: Ground out 6-3 (Groundball, 6M, EV 81.9 MPH)
Batting: RHB Haleem Muthomi 0-0: Called Strike
0-1: Called Strike
0-2: Ball
1-2: SINGLE (Groundball, 6MD, EV 93.8 MPH)
Batting: RHB Bruce Boyer 0-0: Fly out, F9 (Line Drive, 9, EV 89.4 MPH)
Batting: LHB Jack MacGruder 0-0: Ball
1-0: Called Strike
1-1: Foul Ball, location: 2F
1-2: SINGLE (Line Drive, 8LS, EV 102.5 MPH)
Haleem Muthomi to second
Batting: LHB Kata Okada 0-0: Ball
1-0: Foul Ball, location: 2F
1-1: Ball
2-1: Foul Ball, location: 2F
2-2: Ground out U3 (Groundball, 34, EV 104.4 MPH)
Bottom of the 3rd over - 0 runs, 2 hits, 0 errors, 2 left on base; Arizona 3 - San Diego 0
TOP OF THE 4TH
Arizona Diamondbacks batting - Pitching for San Diego Padres : RHP Jim King
Batting: LHB Javier Rodríguez 0-0: Ball
1-0: SINGLE (Flyball, 78M, EV 93.1 MPH)
Batting: SHB Wayne Garza 0-0: Called Strike
0-1: Called Strike
0-2: Ball
1-2: Foul Ball, location: 2F
1-2: Fly out, F9 (Line Drive, 9, EV 103.1 MPH)
Batting: RHB Tony Ramos 0-0: Ball
1-0: Ball
2-0: Grounds into double play, 6-4-3 (Groundball, 6, EV 103.1 MPH)
Top of the 4th over - 0 runs, 1 hit, 0 errors, 0 left on base; Arizona 3 - San Diego 0
BOTTOM OF THE 4TH
San Diego Padres batting - Pitching for Arizona Diamondbacks : RHP Steve Small
Batting: RHB John Howe 0-0: Fly out, F8 (Line Drive, 8LM, EV 85.6 MPH)
Batting: LHB Jorge Becerra 0-0: Ball
1-0: Ball
2-0: Ball
3-0: Called Strike
3-1: Swinging Strike
3-2: Strikes out looking
Batting: LHB Nelson Parker 0-0: Fly out, F7 (Flyball, 7S, EV 87.5 MPH)
Bottom of the 4th over - 0 runs, 0 hits, 0 errors, 0 left on base; Arizona 3 - San Diego 0
TOP OF THE 5TH
Arizona Diamondbacks batting - Pitching for San Diego Padres : RHP Jim King
Batting: LHB Héctor Barrera 0-0: Ball
1-0: Foul Ball, location: 2F
1-1: Called Strike
1-2: Strikes out swinging
Batting: RHB Kong Kuang 0-0: Ball
1-0: Foul Ball, location: 2F
1-1: Ball
2-1: Fly out, F8 (Flyball, 8RS, EV 78.8 MPH)
Batting: RHB Brady Henderson 0-0: Called Strike
0-1: Ball
1-1: Called Strike
1-2: Strikes out swinging
Top of the 5th over - 0 runs, 0 hits, 0 errors, 0 left on base; Arizona 3 - San Diego 0
BOTTOM OF THE 5TH
San Diego Padres batting - Pitching for Arizona Diamondbacks : RHP Steve Small
Batting: RHB Edwin Valstar 0-0: Ball
1-0: Ball
2-0: Swinging Strike
2-1: Ground out 5-3 (Groundball, 5S, EV 61.3 MPH)
Batting: LHB António López 0-0: Ball
1-0: Ball
2-0: SINGLE (Groundball, 6MD, EV 96.3 MPH)
Batting: RHB Haleem Muthomi 0-0: Ball
1-0: Called Strike
1-1: Foul Ball, location: 2F
1-2: SINGLE (Groundball, 6D, EV 95.6 MPH)
António López to second
Batting: RHB Bruce Boyer 0-0: Ball
1-0: Foul Ball, location: 2F
1-1: Ball
2-1: Ball
3-1: Foul Ball, location: 2F
3-2: Fielders Choice at 2nd, 6-4 (Groundball, 6, EV 103.8 MPH)
António López to third
Batting: LHB Jack MacGruder 0-0: Swinging Strike
0-1: Foul Ball, location: 2F
0-2: Ball
1-2: Ball
2-2: Fly out, F9 (Flyball, 89D, EV 100.0 MPH)
Bottom of the 5th over - 0 runs, 2 hits, 0 errors, 2 left on base; Arizona 3 - San Diego 0
TOP OF THE 6TH
Arizona Diamondbacks batting - Pitching for San Diego Padres : RHP Jim King
Batting: SHB Freddie O'Halloran 0-0: Ball
1-0: Fly out, F8 (Flyball, 78M, EV 95.6 MPH)
Batting: RHB Hoyt Perry 0-0: Foul Ball, location: 2F
0-1: Ball
1-1: Called Strike
1-2: Strikes out swinging
Batting: LHB Santiago De La Rosa 0-0: Ball
1-0: Called Strike
1-1: Called Strike
1-2: Ball
2-2: Foul Ball, location: 2F
2-2: Foul Ball, location: 2F
2-2: Foul Ball, location: 2F
2-2: Ball
3-2: Fly out, F8 (Line Drive, 8RD, EV 103.1 MPH)
Top of the 6th over - 0 runs, 0 hits, 0 errors, 0 left on base; Arizona 3 - San Diego 0
BOTTOM OF THE 6TH
San Diego Padres batting - Pitching for Arizona Diamondbacks : RHP Steve Small
Batting: LHB Kata Okada 0-0: Ball
1-0: Ball
2-0: Called Strike
2-1: Ball
3-1: Fly out, F3 (Line Drive, 3, EV 74.4 MPH)
Batting: RHB John Howe 0-0: Ball
1-0: Ball
2-0: Ball
3-0: Called Strike
3-1: Base on Balls
Pitching: LHP Dave Staitie
Batting: LHB Jorge Becerra 0-0: Called Strike
0-1: Ball
1-1: Ball
2-1: Foul Ball, location: 2F
2-2: Ball
3-2: Fly out, F7 (Flyball, 7D, EV 82.5 MPH)
Batting: LHB Nelson Parker 0-0: Ball
1-0: Called Strike
1-1: Ball
John Howe steals 2nd base
2-1: Ball
3-1: Ground out 4-3 (Groundball, 4, EV 102.5 MPH)
Bottom of the 6th over - 0 runs, 0 hits, 0 errors, 1 left on base; Arizona 3 - San Diego 0
TOP OF THE 7TH
Arizona Diamondbacks batting - Pitching for San Diego Padres : RHP Jim King
Pitching: LHP Lien-ying Ta
Batting: LHB Javier Rodríguez 0-0: Called Strike
0-1: Called Strike
0-2: Strikes out swinging
Batting: SHB Wayne Garza 0-0: Ball
1-0: Swinging Strike
1-1: TRIPLE (Flyball, 9LD, EV 106.3 MPH)
Batting: RHB Tony Ramos 0-0: Called Strike
Steal of home, Wayne Garza is out
0-1: Foul Ball, location: 2F
0-2: Foul Ball, location: 2F
0-2: Ball
1-2: Foul Ball, location: 2F
1-2: Fly out, F7 (Flyball, 78M, EV 88.1 MPH)
Top of the 7th over - 0 runs, 1 hit, 0 errors, 0 left on base; Arizona 3 - San Diego 0
BOTTOM OF THE 7TH
San Diego Padres batting - Pitching for Arizona Diamondbacks : LHP Dave Staitie
Batting: RHB Edwin Valstar 0-0: Ball
1-0: Foul Ball, location: 2F
1-1: Ball
2-1: Swinging Strike
2-2: SINGLE (Groundball, 56D, EV 96.9 MPH)
Batting: LHB António López 0-0: Ball
1-0: Ball
2-0: Ball
3-0: Called Strike
3-1: Base on Balls
Edwin Valstar to second
Batting: RHB Haleem Muthomi 0-0: Swinging Strike
0-1: Fielders Choice at 2nd, 6-4 (Groundball, 6M, EV 92.5 MPH)
Edwin Valstar to third
Batting: RHB Bruce Boyer 0-0: Ball
1-0: Called Strike
1-1: Ball
2-1: SINGLE (Line Drive, 3D, EV 99.4 MPH)
Edwin Valstar scores
Haleem Muthomi to second
Batting: LHB Jack MacGruder 0-0: Grounds out, U3 (Groundball, 3L, EV 90.0 MPH)
Haleem Muthomi to third
Batting: LHB Kata Okada 0-0: Ball
1-0: Foul Ball, location: 2F
1-1: Ball
2-1: Fly out, F8 (Line Drive, 8RM, EV 96.9 MPH)
Bottom of the 7th over - 1 run, 2 hits, 0 errors, 2 left on base; Arizona 3 - San Diego 1
TOP OF THE 8TH
Arizona Diamondbacks batting - Pitching for San Diego Padres : LHP Lien-ying Ta
Batting: LHB Héctor Barrera 0-0: Foul Ball, location: 2F
0-1: Ball
1-1: Ball
2-1: Ball
3-1: Called Strike
3-2: Ground out 1-3 (Groundball, 13S, EV 67.5 MPH)
Batting: RHB Kong Kuang 0-0: Called Strike
0-1: Fly out, F9 (Flyball, 9S, EV 79.4 MPH)
Batting: RHB Brady Henderson 0-0: Ball
1-0: Ground out 6-3 (Groundball, 6M, EV 102.5 MPH)
Top of the 8th over - 0 runs, 0 hits, 0 errors, 0 left on base; Arizona 3 - San Diego 1
BOTTOM OF THE 8TH
San Diego Padres batting - Pitching for Arizona Diamondbacks : LHP Dave Staitie
Batting: RHB John Howe 0-0: Called Strike
0-1: Fly out, F9 (Flyball, 9LM, EV 78.8 MPH)
Batting: LHB Jorge Becerra 0-0: Called Strike
0-1: Ball
1-1: Swinging Strike
1-2: Fly out, F7 (Flyball, 7S, EV 93.1 MPH)
Batting: LHB Nelson Parker 0-0: Foul Ball, location: 2F
0-1: Ball
1-1: Ball
2-1: Ball
3-1: Base on Balls
Batting: RHB Edwin Valstar 0-0: Foul Ball, location: 2F
0-1: Foul Ball, location: 2F
0-2: Foul Ball, location: 2F
0-2: Ball
1-2: Ground out U3 (Groundball, 34S, EV 68.8 MPH)
Bottom of the 8th over - 0 runs, 0 hits, 0 errors, 1 left on base; Arizona 3 - San Diego 1
TOP OF THE 9TH
Arizona Diamondbacks batting - Pitching for San Diego Padres : LHP Lien-ying Ta
Batting: SHB Freddie O'Halloran 0-0: Ball
1-0: Ground out 4-3 (Groundball, 4S, EV 91.9 MPH)
Batting: RHB Hoyt Perry 0-0: Ball
1-0: Swinging Strike
1-1: SINGLE (Groundball, 6D, EV 96.9 MPH)
Batting: LHB Santiago De La Rosa 0-0: Called Strike
0-1: SINGLE (Line Drive, 8LS, EV 100.0 MPH)
Hoyt Perry to second
Batting: LHB Javier Rodríguez 0-0: Ball
1-0: Swinging Strike
1-1: Called Strike
1-2: Ball
2-2: Ball
3-2: Strikes out swinging
Batting: SHB Wayne Garza 0-0: Ball
1-0: Called Strike
1-1: Ball
2-1: Ball
3-1: Foul Ball, location: 2F
3-2: SINGLE (Line Drive, 5D, EV 96.9 MPH)
Hoyt Perry to third
Santiago De La Rosa to second
Hoyt Perry scores
Santiago De La Rosa to third
Batting: RHB Tony Ramos 0-0: Ball
1-0: Ball
2-0: Foul Ball, location: 2F
2-1: Fielders Choice at 2nd, 5-4 (Groundball, 56, EV 83.1 MPH)
Top of the 9th over - 1 run, 3 hits, 0 errors, 2 left on base; Arizona 4 - San Diego 1
BOTTOM OF THE 9TH
San Diego Padres batting - Pitching for Arizona Diamondbacks : LHP Dave Staitie
Pitching: RHP Raúl Miranda
Batting: LHB António López 0-0: Foul Ball, location: 2F
0-1: Ball
1-1: Called Strike
1-2: Ball
2-2: Strikes out swinging
Batting: RHB Haleem Muthomi 0-0: Swinging Strike
0-1: Foul Ball, location: 2F
0-2: Ball
1-2: Ball
2-2: Strikes out swinging
Batting: RHB Bruce Boyer 0-0: SINGLE (Line Drive, 9S, EV 95.0 MPH)
Batting: LHB Jack MacGruder 0-0: Ball
1-0: Ball
2-0: Foul Ball, location: 2F
2-1: Ball
3-1: Ground out U3 (Groundball, 3, EV 93.1 MPH)
Bottom of the 9th over - 0 runs, 1 hit, 0 errors, 1 left on base; Arizona 4 - San Diego 1
Wednesday, December 18th, 2019 - OOTP Baseball 20.8 Build 73